 Dungeon Crawl Stone Soup version 0.29-a0-517-gbdf32494f2 (webtiles) character file.

Game seed: 275403092531131626

27 siradein the Ducker (level 3, -6/28 HPs)
             Began as a Human Gladiator on May 31, 2022.
             Killed from afar by an orc wizard (11 damage)
             ... with a magic dart
             ... on level 1 of the Dungeon.
             The game lasted 00:02:23 (1399 turns).

siradein the Ducker (Human Gladiator)               Turns: 1399, Time: 00:02:23

Health: -6/28      AC:  4    Str: 14    XL:     3   Next: 25%
Magic:  3/3        EV: 28    Int:  8    God:
Gold:   66         SH:  0    Dex: 16    Spells: 2/2 levels left

rFire   . . .      SeeInvis .   a - +0 long sword
rCold   . . .      Faith    .   (no shield)
rNeg    . . .      Spirit   .   b - +0 leather armour
rPois   .          Reflect  .   c - +0 helmet
rElec   .          Harm     .   (no cloak)
rCorr   .          Rampage  .   (no gloves)
Will    .....                   (no boots)
Stlth   +.........              h - amulet of the acrobat
HPRegen 0.09/turn               (no ring)
MPRegen 0.08/turn               (no ring)

@: confused, acrobatic
A: no striking features
a: no special abilities


You were on level 1 of the Dungeon.
You visited 1 branch of the dungeon, and saw 2 of its levels.

You collected 66 gold pieces.

Inventory:

Hand Weapons
 a - a +0 long sword (weapon)
Missiles
 d - 3 throwing nets
 e - a javelin
 g - 14 stones (quivered)
 m - 12 poisoned darts
Armour
 b - a +0 leather armour (worn)
 c - a +0 helmet (worn)
Jewellery
 h - an amulet of the acrobat (around neck)
 i - an amulet of reflection
Scrolls
 j - a scroll of enchant armour {unknown}
 k - 2 scrolls of identify {unknown}
 q - a scroll of enchant weapon {unknown}
 r - a scroll of teleportation {unknown}
Potions
 f - 2 potions of brilliance {unknown}
 l - a potion of might {unknown}
 n - a potion of mutation {unknown}
 o - a potion of heal wounds {unknown}
 p - a potion of curing {unknown}


   Skills:
 + Level 2.5 Fighting
 + Level 3.4 Long Blades
 - Level 2.0 Throwing
 + Level 3.4 Dodging


You had 2 spell levels left.
You didn't know any spells.
Your spell library contained the following spells:

 Spells                   Type           Power      Damage    Failure   Level
 Foxfire                  Conj/Fire      0%         2x1d4     50%         1
 Blink                    Tloc           0%         N/A       63%         2
 Conjure Flame            Conj/Fire      0%         6-21      86%         3
 Inner Flame              Hex/Fire       0%         N/A       86%         3
 Flame Wave               Conj/Fire      0%         2d4       99%         4
 Manifold Assault         Tloc           0%         N/A       100%        5
 Storm Form               Tmut/Air       0%         N/A       100%        7


Dungeon Overview and Level Annotations

Branches:
Dungeon (2/15)

Altars:


Message History

Things that are here:
a +0 flail; an orc corpse An adder comes into view.
There is a stone staircase leading up here.
Something hits you.
You climb upwards.
Reactivating autopickup.
There is a stone staircase leading down here.
There is a strange disturbance nearby!
Deactivating autopickup; reactivate with Ctrl-A.
You closely miss something. Something hits you.
You closely miss something.
Something hits you but does no damage. x2
You hit something but do no damage. Something barely misses you.
You closely miss something. Something hits you.
You barely miss something. Something barely misses you.
You miss something. Something hits you but does no damage.
You hear some strange, mumbled words.
You are confused.
You hit something but do no damage. Something hits you.
You completely miss something.
You hear some strange, mumbled words.
You are more confused.
You miss something. Something hits you but does no damage.
Something closely misses you.
You miss something. Something hits you. x2
* * * LOW HITPOINT WARNING * * *
You closely miss something.
You hear some strange, mumbled words.
You are more confused.
You hear some strange, mumbled words.
Something tries to affect you, but you resist.
Something hits you.
* * * LOW HITPOINT WARNING * * *
Something misses you. Something hits you.
* * * LOW HITPOINT WARNING * * *
You hear some strange, mumbled words.
A magic dart appears from out of thin air!
The magic dart hits you!
You die...

#########......# ######....#.
...............# #......
#######........# #...... #
#.......#### ####### #
#.....#.############ #
#...........##.....#
###...........##.###.#
###.+..........>.{.# #.#
..#.#...........@..# #.#
#.#.#..)...........###.#####
#.#.#...##.........#.......##
..#.#....'.........#........#
........##..............#.#.#
#######.#######.............#
#.....#...# #####.....#.#.#
#.###.###)#### #...........#
#.# #.#......# #.......#####


There were no monsters in sight!

Vanquished Creatures
  An orc (D:2)
  3 ball pythons (D:1)
  A bat (D:1)
  4 endoplasms (D:1)
  A giant cockroach (D:1)
  2 hobgoblins (D:1)
  2 quokkas (D:1)
  5 goblins (D:1)
  3 kobolds
  A rat (D:1)
23 creatures vanquished.

Notes
Turn   | Place    | Note
-------+----------+-------------------------------------------
     0 | D:1      | siradein the Human Gladiator began the quest for the Orb.
     0 | D:1      | Reached XP level 1. HP: 16/16 MP: 1/1
   319 | D:1      | Reached XP level 2. HP: 22/22 MP: 2/2
   851 | D:1      | Found a faded altar of an unknown god.
   858 | D:1      | Reached XP level 3. HP: 28/28 MP: 3/3
  1399 | D:1      | Killed from afar by an orc wizard

Illustrated notes

Levels and vault maps discovered:
D:1:      dpeg_arrival_refuge, layout_basic, serial_co_window_serial,
          co_window_corner_a, co_window_of_opportunity_a, co_window_paths_a,
          co_window_of_opportunity_a, co_window_paths_b, co_window_corner_a,
          co_window_of_opportunity_a, co_window_of_opportunity_c,
          co_window_2corner, co_window_corner_b, co_window_broadway_a,
          co_window_broadway_b, glass_columns_a, glass_columns_a,
          glass_columns_a, glass_columns_c, glass_columns_b,
          dreamdust_ecumenical_altar_statues
D:2:      layout_loops_ring, minmay_misc_feat_alley, minmay_pentomino_w2

Action                   || total
-------------------------++-------
Melee: Long sword        ||    69
Armor: Leather armour    ||    23
Dodge: Dodged            ||    41

Table legend: (Time is in decaauts)
 A = Elapsed time spent in this place.
 B = Non-inter-level travel time spent in this place.
 C = Inter-level travel time spent in this place.
 D = Time resting spent in this place.
 E = Time spent auto-exploring this place.
 F = Levels seen in this place.
 G = Mean time per level.
                   A        B        C        D        E       F      G
               +--------+--------+--------+--------+--------+-----+--------+
         Total |   1415 |   1399 |     16 |      0 |   1160 |   2 |  707.5 |
       Dungeon |   1415 |   1399 |     16 |      0 |   1160 |   2 |  707.5 |
               +--------+--------+--------+--------+--------+-----+--------+

Top non-repeatable levels by time:
     D:1: 1390 daAuts
     D:2: 24 daAuts
